 Dungeon Crawl Stone Soup version 0.28-a0-511-gcc94558de3 (webtiles) character file.

Game seed: 1964510388131241546

3875 omnomnOMINOUS the Conjurer (level 10, -5/59 (63) HPs)
             Began as an Octopode Wanderer on Sept 21, 2021.
             Was an Elder of Hepliaklqana.
             Slain by a wight (6 damage)
             ... on level 8 of the Dungeon.
             The game lasted 00:20:11 (8638 turns).

omnomnOMINOUS the Conjurer (Octopode Wanderer)      Turns: 8638, Time: 00:20:12

HP:   -5/59 (63)    AC:  1    Str: 12    XL:     10   Next: 19%
MP:   12/19         EV: 15    Int: 18    God:    Hepliaklqana [****..]
Gold: 391           SH:  0    Dex: 11    Spells: 4/9 levels left

rFire   . . .      SeeInvis .   a - staff of earth
rCold   . . .      Faith    .   (no shield)
rNeg    . . .      Spirit   .   (helmet restricted)
rPois   .          Reflect  .   E - amulet of regeneration
rElec   .          Harm     .   q - ring of magical power
rCorr   .          Rampage  .   y - +4 ring of slaying
Will    .....                   (no ring)
Stlth   +++.......              (no ring)
HPRegen 1.19/turn               (no ring)
MPRegen 0.16/turn               (no ring)
                                (no ring)
                                (no ring)

@: about to teleport, drained
A: reduced essence, almost no armour, amphibious, 8 rings, camouflage 1,
gelatinous body 1, (nimble swimmer 1), tentacles
a: Renounce Religion, Recall Ancestor, Ancestor Identity, Transference, Idealise


You were on level 8 of the Dungeon.
You worshipped Hepliaklqana.
Hepliaklqana was greatly pleased with you.
You visited 1 branch of the dungeon, and saw 9 of its levels.
You also visited: Ossuary.

You collected 391 gold pieces.

Inventory:

Hand Weapons
 b - a +0 whip of venom
 c - a +4 vorpal flail
 t - a +0 spear
Missiles
 l - 6 silver boomerangs (quivered)
 s - 2 throwing nets
Magical Staves
 a - a staff of earth (weapon)
Jewellery
 h - a ring of ice
 q - a ring of magical power (left tentacle)
 y - a +4 ring of slaying (right tentacle)
 E - an amulet of regeneration (around mantle)
Wands
 u - a wand of flame (22)
 w - a wand of iceblast (9)
Scrolls
 f - a scroll of magic mapping
 g - a scroll of immolation
 m - 2 scrolls of fear
 o - 4 scrolls of teleportation
 p - a scroll of acquirement {unknown}
 z - 2 scrolls of identify {unknown}
 D - a scroll of blinking {unknown}
Potions
 d - a potion of lignification
 e - 2 potions of resistance {unknown}
 i - 2 potions of mutation {unknown}
 j - 7 potions of curing {unknown}
 k - 2 potions of flight {unknown}
 n - 3 potions of degeneration {unknown}
 r - a potion of brilliance {unknown}
 v - 2 potions of attraction {unknown}
 x - a potion of cancellation {unknown}
 A - 2 potions of heal wounds {unknown}
 B - a potion of haste {unknown}
 C - 2 potions of invisibility {unknown}


   Skills:
 + Level 7.4 Fighting
 - Level 1.0 Maces & Flails
 - Level 1.0 Throwing
 + Level 7.4 Dodging
 - Level 1.3 Stealth
 + Level 7.7 Conjurations
 + Level 7.6 Earth Magic


You had 4 spell levels left.
You knew the following spells:

 Your Spells              Type           Power      Damage    Failure   Level
a - Stone Arrow           Conj/Erth      82%        3d12      2%          3
b - Passwall              Tmut/Erth      16%        N/A       7%          2

Your spell library contained the following spells:

 Spells                   Type           Power      Damage    Failure   Level
 Sandblast                Erth           82%        2d17      1%          1
 Foxfire                  Conj/Fire      52%        2x1d6     4%          1
 Dazzling Flash           Conj/Hex       26%        N/A       14%         3
 Petrify                  Tmut/Erth      20%        N/A       43%         4
 Inner Flame              Hex/Fire       0%         N/A       54%         3
 Summon Guardian Golem    Hex/Summ       0%         N/A       54%         3
 Iron Shot                Conj/Erth      20%        9d5       82%         6
 Agony                    Necr           0%         N/A       99%         5
 Blade Hands              Tmut           0%         N/A       99%         5
 Silence                  Hex/Air        0%         N/A       99%         5
 Orb of Destruction       Conj           13%        9d6       100%        7
 Spellforged Servitor     Conj/Summ      6%         N/A       100%        7
 Animate Armour           Summ/Erth      Unusable   N/A       N/A         4

Dungeon Overview and Level Annotations

Branches:
Dungeon (9/15)             Temple (0/1) D:5            Lair (0/6) D:8
Ossuary (visited)
    Orc: D:9-12

Altars:
Elyvilon
Fedhas
Hepliaklqana
Trog
Vehumet
Yredelemnul

Shops:
D:4 =

Annotations:
D:3 exclusion: oklob plant
D:8 3 runed translucent doors, SkeletonJelly's ghost, novice SpAK


Innate Abilities, Weirdness & Mutations

Your life essence is reduced to manifest your ancestor. (-10% HP)
You cannot wear most types of armour.
You are amphibious.
You can wear up to eight rings at the same time.
Your skin changes colour to match your surroundings (Stealth+).
Your rubbery body absorbs attacks. (AC +1, EV +1)
((You are camouflaged near water. (Stealth+)))
You have tentacles for arms and can constrict up to eight enemies at once.


Message History

Your +0 whip of venom stops dripping with poison.
a - a staff of earth (weapon)
Casting: Stone Arrow (dangerous; 3% risk of failure)
Confirm with . or Enter, or press ? or * to list all spells.
Aiming: Stone Arrow (dangerous; 3% risk of failure)
Press: ? - help, Shift-Dir - straight line, f/p - acid dragon
Aim: an acid dragon (heavily wounded, slow, lightly drained, 76% to hit)
You feel a surge of power!
The stone arrow hits the acid dragon!
You kill the acid dragon!
The orc priest seems less confused.
The orc wizard hits you with a +3 dagger.
A yak comes into view.
The wight hits you with a +0 battleaxe!
You feel drained.
The orc priest calls down the wrath of Beogh upon you.
Beogh smites you!
The yak bellows!
Your life force feels restored.
The orc wizard misses you.
The howler monkey zombie barely misses you.
A yak comes into view.
There is a stone staircase leading up here.
You see here a +0 dagger.
The orc wizard barely misses you.
The howler monkey zombie barely misses you.
The wight hits you with a +0 battleaxe.
You climb upwards.
Level annotation: 3 runed translucent doors, SkeletonJelly's ghost, novice SpAK
There is a stone staircase leading down here.
Unknown command.
Okay, then.
Unknown command.
As you read the scroll of teleportation, it crumbles to dust.
You feel strangely unstable.
The orc wizard hits you with a +3 dagger.
The wight hits you with a +0 mace!
You feel drained.
* * * LOW HITPOINT WARNING * * *
The wight hits you with a +0 battleaxe!
* * * LOW HITPOINT WARNING * * *
You feel drained.
You die...

.............#...###...#.#...###.
.≈≈...#.........#..#..#...#..#..#
P≈≈≈.##......#.#...###.....###..[
P♣♣...#...........#..#.....#..#..
♣♣....#..........#...#.....#...#.
##.#...#####.......#.#...#.#....
#.###............#...#.#...#...
#..########..z.o.............[.
####..###......#@.........#....<.
..#....##..(...##z#.............(
.......##......##.#.....###......
...............##................
........#......##.....#####......
........###.##.#....###...###...)
..................###......!##..#
..#...####.......##Y...###...#...
####### #..)....#5Y..# #..#...


You could see 2 wights and an orc wizard.

Vanquished Creatures
  Maurice (D:8)
  Maggie (D:8)
  A wyvern (D:8)
  3 yaks (D:7)
  A steam dragon (D:7)
  Eustachio (D:4)
  Menkaure (D:7)
  An acid dragon (D:9)
  2 orc warriors (D:8)
  A hornet zombie (D:8)
  A sky beast (D:7)
  An ogre (D:6)
  A phantom (D:5)
  Blork the orc (D:4)
  A bullfrog (D:7)
  2 scorpions (D:6)
  3 wights (D:8)
  3 electric eels (D:8)
  4 centaur zombies
  A jelly (D:8)
  A hound (D:7)
  6 orc priests
  5 orc wizards
  2 mummies (Ossuary)
  3 gnolls (D:5)
  8 adders
  A shadow imp (D:8)
  A white imp (D:7)
  An adder skeleton (D:5)
  5 worms
  4 dart slugs
  30 orcs
  4 ball pythons
  6 endoplasms
  3 giant cockroaches
  7 goblins
  12 hobgoblins
  10 jackals
  8 kobolds
  5 quokkas
  5 bats
  7 frilled lizards
  2 hobgoblin zombies (Ossuary)
  A rat (D:3)
  A bush (D:1)
169 creatures vanquished.

Vanquished Creatures (collateral kills)
  A centaur (D:5)
  A scorpion (D:7)
  A wight (D:8)
  A centaur zombie (D:5)
  A gnoll shaman (D:5)
  A hound (D:5)
  An iguana (D:6)
  A hound zombie (D:5)
  3 mummies (Ossuary)
  An adder (D:3)
  A white imp (D:6)
  8 orcs
  2 giant cockroaches
  4 hobgoblins (D:3)
  A bush (D:7)
28 creatures vanquished.

Vanquished Creatures (others)
  An orc wizard (D:6)
  3 hexers
  5 fungi (D:2)
  30 plants
39 creatures vanquished.

Grand Total: 236 creatures vanquished

Notes
Turn   | Place    | Note
-------+----------+-------------------------------------------
     0 | D:1      | omnomnOMINOUS the Octopode Wanderer began the quest for the
                  | Orb.
     0 | D:1      | omnomnOMINOUS set off with the following items: a +0
                  | dagger, a potion of lignification; and the following spells
                  | available to memorise: Sandblast, Foxfire, Passwall, Stone
                  | Arrow, Inner Flame, Petrify
     0 | D:1      | Reached XP level 1. HP: 17/17 MP: 1/1
   189 | D:1      | Reached skill level 1 in Dodging
   189 | D:1      | Reached XP level 2. HP: 13/22 MP: 2/2
   625 | D:1      | Reached XP level 3. HP: 27/27 MP: 3/3
  1357 | D:2      | Reached XP level 4. HP: 32/33 MP: 4/4
  1365 | D:2      | Learned a level 3 spell: Stone Arrow
  1478 | D:2      | Found a faded altar of an unknown god.
  1557 | D:2      | Became a worshipper of Hepliaklqana the Forgotten
  1557 | D:2      | Reached * piety under Hepliaklqana
  1805 | D:2      | Reached XP level 5. HP: 31/33 MP: 5/5
  2129 | D:3      | Found a blossoming altar of Fedhas.
  2143 | D:3      | Noticed an oklob plant
  2429 | D:3      | Reached ** piety under Hepliaklqana
  2430 | D:3      | Remembered your ancestor hexy as a hexer
  2701 | D:3      | Found a bloodstained altar of Trog.
  2878 | D:4      | Noticed Blork the orc
  2886 | D:4      | Killed Blork the orc
  2887 | D:4      | Reached XP level 6. HP: 38/38 MP: 6/6
  2941 | D:4      | Noticed Eustachio
  2951 | D:4      | Killed Eustachio
  2990 | D:4      | Found Tiar's Jewellery Boutique.
  3055 | D:4      | Found a radiant altar of Vehumet.
  3383 | D:4      | You fall into a shaft and drop 1 floor!
  3383 | D:5      | Entered Level 5 of the Dungeon
  3427 | D:5      | Reached XP level 7. HP: 43/43 MP: 7/7
  3757 | D:5      | Found a white marble altar of Elyvilon.
  3981 | D:5      | Found a staircase to the Ecumenical Temple.
  4082 | D:5      | Reached *** piety under Hepliaklqana
  4330 | D:5      | Learned a level 2 spell: Passwall
  4530 | D:6      | Reached skill level 5 in Conjurations
  4607 | D:6      | Reached skill level 5 in Earth Magic
  4607 | D:6      | Reached XP level 8. HP: 25/48 MP: 8/8
  4628 | D:6      | Found a hazy altar of Hepliaklqana.
  5490 | D:7      | Reached skill level 5 in Fighting
  5490 | D:7      | Reached skill level 5 in Dodging
  5677 | D:7      | Noticed Menkaure
  5682 | D:7      | Killed Menkaure
  5771 | D:7      | Found a basalt altar of Yredelemnul.
  5835 | D:7      | Noticed a yak
  5836 | D:7      | Noticed a yak
  5836 | D:7      | Noticed a yak
  5894 | D:7      | Found a sand-covered staircase.
  5904 | Ossuary  | Entered an ossuary
  6303 | D:7      | Reached XP level 9. HP: 33/55 MP: 5/9
  6447 | D:7      | Reached **** piety under Hepliaklqana
  7113 | D:8      | Found a staircase to the Lair.
  7153 | D:8      | Found a runed translucent gate.
  7153 | D:8      | Found a runed translucent gate.
  7153 | D:8      | Found a runed translucent gate.
  7431 | D:8      | Noticed Maurice
  7437 | D:8      | Killed Maurice
  7505 | D:8      | Noticed Maggie
  7510 | D:8      | Killed Maggie
  7586 | D:8      | Noticed SkeletonJelly's ghost (novice SpAK)
  7648 | D:8      | Reached XP level 10. HP: 53/63 MP: 1/10
  8638 | D:8      | HP: 1/61 [wight (15)]
  8638 | D:8      | Slain by a wight

Illustrated notes

Levels and vault maps discovered:
D:1:      dpeg_arrival_erosion, layout_basic, minmay_hedge_maze,
          amcnicky_mini_rare_corridor_liquid
D:2:      layout_loops_cross, shapermc_ecumenical_altar_mp_ritualfount,
          minmay_indecisive_spiral
D:3:      layout_loops_corners, trog_hazing_becter, tgw_fedhas,
          hangedman_feature_mirror
D:4:      layout_basic, vehumet_altar_wand_db, serial_shops, shop_fountains,
          ebering_ghost_reflecting_pool, uniq_eustachio, uniq_blork_the_orc
D:5:      layout_basic, mainiacjoe_overflow_surrounded_room, temple_doors_ab
D:6:      layout_loops_corners, nicolae_hepliaklqana_hazy_memory,
          hangedman_abyss_or_decor_passed
D:7:      layout_loops_corners, mainiacjoe_overflow_catwalk,
          chequers_ossuary_entry_cave, kennysheep_boxes, uniq_menkaure
D:8:      layout_rooms, dpeg_oklobed_lair, gammafunk_ghost_icy, special_room
          [special_room_orc], minmay_splitting_lines, serial_bayou_ford_a,
          uniq_maurice, uniq_maggie
D:9:      layout_big_octagon, grunt_gozag_statues, enter_bailey_3,
          glass_columns_a

Skill      XL: |  1  2  3  4  5  6  7  8  9 |
---------------+----------------------------+-----
Dodging        | 1 2 3 4 5 7 |  7.4
Conjurations   | 2 3 4 5 6 7 |  7.7
Earth Magic    | 3 4 5 6 7 |  7.6
Fighting       | 5 7 |  7.4
Maces & Flails | |  1.0
Throwing       | |  1.0
Stealth        | |  1.3

Action                   |  1- 3 |  4- 6 |  7- 9 | 10-12 || total
-------------------------+-------+-------+-------+-------++-------
Melee: Dagger            |   321 |   140 |       |       ||   461
       Tentacles         |    83 |    29 |     9 |     4 ||   125
       Constrict         |    23 |    41 |    12 |    12 ||    88
       Spear             |       |     6 |     8 |       ||    14
       Flail             |       |       |    39 |       ||    39
       Staff             |       |       |     2 |     7 ||     9
       Whip              |       |       |     3 |    18 ||    21
 Cast: Stone Arrow       |       |     2 |    85 |    26 ||   113
Invok: Ancestor Identity |       |     2 |       |       ||     2
       Ancestor Life: He |       |     1 |       |       ||     1
       Recall Ancestor   |       |     1 |     2 |       ||     3
  Use: Scroll            |       |       |     4 |     2 ||     6
 Stab: Sleeping          |    10 |    11 |       |       ||    21
       Distracted        |       |     1 |       |       ||     1
       Confused          |       |     2 |       |     1 ||     3
Armor: Skin              |     5 |     6 |     2 |       ||    13
Dodge: Dodged            |    62 |    97 |    39 |    21 ||   219

Table legend: (Time is in decaauts)
 A = Elapsed time spent in this place.
 B = Non-inter-level travel time spent in this place.
 C = Inter-level travel time spent in this place.
 D = Time resting spent in this place.
 E = Time spent auto-exploring this place.
 F = Levels seen in this place.
 G = Mean time per level.
                   A        B        C        D        E       F      G
               +--------+--------+--------+--------+--------+-----+--------+
         Total |   8642 |   8477 |    165 |    874 |   5968 |  10 |  864.2 |
       Dungeon |   8302 |   8137 |    165 |    769 |   5775 |   9 |  922.4 |
       Ossuary |    339 |    339 |      0 |    105 |    193 |   1 |  339.0 |
               +--------+--------+--------+--------+--------+-----+--------+

Top non-repeatable levels by time:
     D:7: 1490 daAuts
     D:8: 1393 daAuts
     D:1: 1138 daAuts
     D:6: 1046 daAuts
     D:3: 988 daAuts
     D:5: 908 daAuts
     D:2: 738 daAuts
     D:4: 582 daAuts
 Ossuary: 339 daAuts
     D:9: 16 daAuts
